 Dungeon Crawl Stone Soup version 0.20.0-15-g7f486f2 (webtiles) character file.

3346 battlepig the Cleaver (level 9, -7/80 HPs)
             Began as a Minotaur Berserker on June 19, 2017.
             Was an Elder of Trog.
             Mangled by a death knight
             ... wielding a +2 great mace
              (10 damage)
             ... on level 7 of the Dungeon.
             The game lasted 00:17:06 (7024 turns).

battlepig the Cleaver (Minotaur Berserker)          Turns: 7024, Time: 00:17:07

Health: -7/80      AC: 18    Str: 22    XL:     9   Next: 72%
Magic:  0/8        EV:  8    Int:  4    God:    Trog [****..]
Gold:   296        SH:  0    Dex: 13    Spells: 8/8 levels left

rFire    + + .     SeeInvis .   v - +0 war axe (freeze)
rCold    + . .     Gourm    .   (no shield)
rNeg     . . .     Faith    .   a - +2 plate armour {rF+}
rPois    .         Spirit   +   (helmet restricted)
rElec    .         Reflect  .   q - +1 cloak
rCorr    .         Harm     .   (no gloves)
MR       .....                  (no boots)
Stlth    ..........             t - amulet of guardian spirit
Regen    0.3/turn               G - ring of protection from cold
MPRegen  0.2/turn               h - ring of protection from fire

@: berserk cooldown, very slightly contaminated, starving, slowed, invisible,
very slow
A: retaliatory headbutt, horns 2
a: Berserk, Trog's Hand, Brothers in Arms, Burn Spellbooks, Renounce Religion


You were on level 7 of the Dungeon.
You worshipped Trog.
Trog was greatly pleased with you.
You were starving.

You visited 1 branch of the dungeon, and saw 7 of its levels.
You also visited: Ossuary.

You collected 296 gold pieces.

Inventory:

Hand Weapons
 v - a +0 war axe of freezing (weapon)
Missiles
 j - 22 poisoned needles
 k - 97 bolts
Armour
 a - a +2 plate armour of fire resistance (worn)
 q - a +1 cloak (worn)
Jewellery
 e - an uncursed amulet of magic regeneration
 f - an uncursed ring of teleportation
 h - a ring of protection from fire (right hand)
 i - an uncursed ring of resist corrosion
 t - an amulet of guardian spirit (around neck)
 G - a ring of protection from cold (left hand)
Wands
 u - a wand of iceblast (12/15)
 y - a wand of enslavement (9/24)
 F - a wand of disintegration (18/24)
Scrolls
 l - a scroll of random uselessness
 o - 6 scrolls of identify
 p - 6 scrolls of remove curse
 x - 2 scrolls of enchant weapon {unknown}
 A - a scroll of brand weapon
 C - a scroll of enchant armour
 E - a scroll of recharging
Potions
 b - a potion of ambrosia {unknown}
 m - a potion of brilliance {unknown}
 n - 5 potions of lignification
 D - a potion of haste
 H - a potion of might {unknown}
 I - a potion of agility
Comestibles
 c - 4 bread rations
 d - 3 fruits
 r - a meat ration
 s - 4 royal jellies
 B - 4 chunks of flesh


   Skills:
 + Level 7.7 Fighting
 - Level 12.3 Axes
 + Level 9.3 Armour
 - Level 2.1 Dodging


You had 8 spell levels left.
You didn't know any spells.

Dungeon Overview and Level Annotations

Branches:
Dungeon (7/15)             Temple (0/1) D:7

Altars:
Elyvilon
Qazlal
Trog
Uskayaw

Annotations:
D:7 1 runed door


Innate Abilities, Weirdness & Mutations

You reflexively headbutt those who attack you in melee.
You have a pair of horns on your head.


Message History

Okay, then.
Unknown command.
Unknown command.
Evoke which item? (* to show all) (? for menu, Esc to quit)
Aiming: Enslavement (will waste charges)
Press: ? - help, Shift-Dir - straight line, f - death knight
Aim: a death knight, wielding an enchanted great mace and wearing a chain mail (almost dead, fast, chance to defeat MR: 6%)
The death knight resists with almost no effort.
Evoking this partially-identified wand wasted a few charges.
The death knight closely misses you. You furiously retaliate!
You headbutt the death knight, but do no damage.
The death knight mumbles some strange prayers to Yredelemnul against you.
Your body is wracked with pain!
* * * LOW HITPOINT WARNING * * *
Evoke which item? (* to show all) (? for menu, Esc to quit)
Okay, then.
You are starving!
Trog will no longer gift you weapons.
The death knight hits you with an enchanted great mace!
You die...

#.....[).......#
#..###......
#..##.##.....#.# .
#..###.... .
..#....#..).#... +.....##..
..#####.o..)#.....
#..###.... #.
#%[........?###..###......
# #?!?##..#..##
.###......#.
#?$[#.#...#..###......###+
##...#########............
#.....lop@##.....#..รท.....
#.#########.....##........
## ##.#'####........
#.....# #........ #.#
##.#...# #.....### .. ##
#......# #####.# ####.# .
##.#..>.# #..# (....
.###..#.#+## #.##
#...##.##.##....# #.#


You could see a death knight, an iguana and an orc.

Vanquished Creatures
  Sigmund (D:5)
  A wyvern (D:7)
  Edmund (D:4)
  Duvessa (D:5)
  A water moccasin (D:7)
  An ice beast (D:5)
  3 phantoms
  A sky beast (D:5)
  An ogre (D:7)
  The ghost of skittles the Firebug, an amateur DrFE (D:3)
  2 centaurs
  2 bullfrogs
  A scorpion (D:4)
  3 water moccasin zombies (Ossuary)
  Dowan (D:5)
  2 howler monkeys (D:5)
  3 crimson imps
  Crazy Yiuf (D:4)
  A centaur zombie (D:5)
  2 orc priests (D:6)
  5 hounds
  A centaur skeleton (D:4)
  4 orc wizards
  2 bullfrog skeletons
  Jessica (D:3)
  Ijyb (D:4)
  Natasha (twice) (D:3)
  8 worker ants
  A killer bee zombie (D:7)
  5 big kobold zombies (Ossuary)
  A hound zombie (D:7)
  2 mummies (Ossuary)
  Robin (D:3)
  7 gnolls
  9 adders
  3 shadow imps
  2 oozes (D:2)
  3 adder zombies (Ossuary)
  4 worms
  A dart slug (D:2)
  3 leopard geckos
  11 orcs
  3 giant cockroaches
  2 gnoll zombies (Ossuary)
  21 goblins
  4 hobgoblins
  21 jackals
  6 quokkas
  7 bats
  6 frilled lizards
  3 hobgoblin zombies (Ossuary)
  3 kobolds
  7 kobold zombies (Ossuary)
  5 orc zombies (Ossuary)
  5 rats
200 creatures vanquished.

Vanquished Creatures (collateral kills)
  Menkaure (D:7)
  An ice beast (D:7)
  An orc priest (D:7)
  2 orc wizards (D:7)
  An orc (D:7)
6 creatures vanquished.

Vanquished Creatures (others)
  A quokka (D:5)
1 creature vanquished.

Grand Total: 207 creatures vanquished

Notes
Turn   | Place    | Note
-------+----------+-------------------------------------------
     0 | D:1      | battlepig the Minotaur Berserker began the quest for the Orb.
     0 | D:1      | Reached XP level 1. HP: 19/19 MP: 0/0
    41 | D:1      | Reached skill level 4 in Axes
   210 | D:1      | Reached XP level 2. HP: 26/26 MP: 1/1
   783 | D:2      | Reached skill level 5 in Axes
   787 | D:2      | Reached ** piety under Trog
   788 | D:2      | Reached XP level 3. HP: 28/31 MP: 2/2
  1681 | D:2      | Reached skill level 6 in Axes
  1681 | D:2      | Reached XP level 4. HP: 39/39 MP: 3/3
  1843 | D:2      | Found a faded altar of an unknown god.
  2206 | D:3      | Noticed skittles's ghost (amateur DrFE)
  2223 | D:3      | Killed skittles's ghost
  2223 | D:3      | Reached skill level 7 in Axes
  2223 | D:3      | Reached XP level 5. HP: 34/45 MP: 4/4
  2865 | D:3      | Noticed Natasha
  2875 | D:3      | Killed Natasha
  2875 | D:3      | Reached skill level 8 in Axes
  2911 | D:3      | Found a hide-covered altar of Uskayaw.
  2931 | D:3      | Noticed Natasha
  2939 | D:3      | Killed Natasha
  2939 | D:3      | Reached XP level 6. HP: 51/51 MP: 5/5
  2945 | D:3      | Noticed Robin
  2945 | D:3      | Killed Robin
  3085 | D:3      | Noticed Jessica
  3090 | D:3      | Killed Jessica
  3090 | D:3      | Reached *** piety under Trog
  3665 | D:4      | Reached skill level 9 in Axes
  3920 | D:4      | Reached XP level 7. HP: 24/57 MP: 6/6
  3952 | D:4      | Reached skill level 10 in Axes
  4302 | D:4      | Noticed Edmund
  4315 | D:4      | Killed Edmund
  4346 | D:4      | Reached skill level 11 in Axes
  4429 | D:4      | Noticed Ijyb
  4440 | D:4      | Killed Ijyb
  4531 | D:4      | Found a runed door.
  4633 | D:4      | Noticed Crazy Yiuf
  4638 | D:4      | Killed Crazy Yiuf
  4714 | D:5      | Entered Level 5 of the Dungeon
  4715 | D:5      | Found a white marble altar of Elyvilon.
  4728 | D:5      | Noticed Dowan
  4733 | D:5      | Killed Dowan
  4745 | D:5      | Noticed Duvessa
  4755 | D:5      | Killed Duvessa
  4755 | D:5      | Reached XP level 8. HP: 64/64 MP: 4/7
  4883 | D:5      | Reached **** piety under Trog
  4984 | D:5      | Found a sand-covered staircase.
  4991 | Ossuary  | Entered an ossuary
  5034 | Ossuary  | Reached skill level 5 in Armour
  5096 | Ossuary  | Reached skill level 12 in Axes
  5373 | D:5      | Noticed Sigmund
  5384 | D:5      | Killed Sigmund
  5491 | D:5      | Reached XP level 9. HP: 45/72 MP: 5/8
  5753 | D:6      | Reached skill level 5 in Fighting
  6137 | D:6      | Found a stormy altar of Qazlal.
  6373 | D:6      | Reached ***** piety under Trog
  6683 | D:7      | Found a staircase to the Ecumenical Temple.
  6785 | D:7      | Found a runed door.
  6906 | D:7      | Found a bloodstained altar of Trog.
  6998 | D:7      | Noticed Menkaure
  7002 | D:7      | Killed Menkaure
  7009 | D:7      | Noticed a death knight
  7019 | D:7      | HP: 4/80 [??? (2)]
  7024 | D:7      | Mangled by a death knight

Skill      XL: |  1  2  3  4  5  6  7  8  9 |
---------------+----------------------------+-----
Axes           | 4 5 6 7 8 9 11 12 | 12.3
Armour         | 3 6 9 |  9.3
Fighting       | 4 7 |  7.7
Dodging        | |  2.1

Action                   |  1- 3 |  4- 6 |  7- 9 || total
-------------------------+-------+-------+-------++-------
Melee: Hand axe          |    90 |    25 |       ||   115
       Headbutt          |    11 |    23 |    62 ||    96
       War axe           |       |    99 |   290 ||   389
Invok: Berserk           |     1 |     2 |     4 ||     7
       Trog's Hand       |       |     2 |       ||     2
       Brothers in Arms  |       |       |     3 ||     3
Evoke: Wand              |       |       |     2 ||     2
  Use: Scroll            |     8 |     1 |     8 ||    17
       Potion            |       |     1 |     3 ||     4
  Eat: Chunk             |     3 |     3 |     9 ||    15
       Bread ration      |       |     2 |       ||     2
       Fruit             |       |       |     2 ||     2
Armor: Animal skin       |     7 |       |       ||     7
       Scale mail        |    27 |    43 |    11 ||    81
       Plate armour      |       |       |   181 ||   181
Dodge: Dodged            |    56 |    57 |    93 ||   206
